 Dungeon Crawl Stone Soup version 0.20.1-1-g8b1a95d (webtiles) character file.

37 tidbits the Insei (level 3, -2/27 HPs)
             Began as a Demigod Transmuter on Aug 23, 2017.
             Killed by nerve-wracking pain
             ... invoked by a shadow imp
              (10 damage)
             ... on level 5 of the Dungeon.
             The game lasted 00:06:22 (879 turns).

tidbits the Insei (Demigod Transmuter)               Turns: 879, Time: 00:06:23

Health: -2/27      AC:  2    Str: 13    XL:     3   Next: 7%
Magic:  7/8        EV: 12    Int: 19    God:
Gold:   70         SH:  0    Dex: 16    Spells: 0/6 levels left

rFire    . . .     SeeInvis .     - Unarmed
rCold    . . .     Gourm    .   (no shield)
rNeg     . . .     Faith    .   b - +0 robe
rPois    .         Spirit   .   (no helmet)
rElec    .         Reflect  .   (no cloak)
rCorr    .         Harm     .   (no gloves)
MR       .....                  (no boots)
Stlth    +.........             (no amulet)
Regen    0.1/turn               (no ring)
MPRegen  0.2/turn               (no ring)

@: no status effects
A: high mp 1
a: no special abilities


You were on level 5 of the Dungeon.
You were not hungry.

You visited 1 branch of the dungeon, and saw 4 of its levels.

You collected 70 gold pieces.

Inventory:

Missiles
 a - 4 arrows
 g - 22 bolts
 n - 5 stones (quivered)
Armour
 b - a +0 robe (worn)
 e - a +2 shield
 f - a +0 ring mail
Wands
 h - a wand of polymorph (14/24)
Scrolls
 k - a scroll of identify {unknown}
 l - a scroll of teleportation {unknown}
 m - a scroll of enchant weapon {unknown}
 p - a scroll of immolation {unknown}
 r - a scroll of remove curse
Potions
 i - a potion of might {unknown}
 o - a potion of curing
Books
 c - a book of Changes

   Spells                             Type                      Level
   a - Beastly Appendage              Transmutation                1
   b - Sticks to Snakes               Transmutation                2
   c - Spider Form                    Transmutation/Poison         3
   d - Ice Form                       Ice/Transmutation            4
   e - Blade Hands                    Transmutation                5
Comestibles
 d - a bread ration
 j - a royal jelly
 q - 3 chunks of flesh


   Skills:
 - Level 0.8 Fighting
 - Level 1.7 Dodging
 + Level 3.6 Unarmed Combat
 - Level 2.0 Spellcasting
 + Level 2.0 Transmutations


You couldn't memorise any spells.
You knew the following spells:

 Your Spells              Type           Power        Failure   Level  Hunger
e - Beastly Appendage     Tmut           #.....       7%          1    #......
k - Sticks to Snakes      Tmut           #.......     11%         2    ###....
p - Spider Form           Tmut/Pois      #.........   32%         3    ###....


Dungeon Overview and Level Annotations

Branches:
Dungeon (3/15)             Temple (0/1) D:5

Annotations:
D:5 Sigmund


Innate Abilities, Weirdness & Mutations

You have an increased reservoir of magic. (+10% MP)


Message History

You hit the hobgoblin.
The hobgoblin is moderately wounded.
The hobgoblin hits you.
You barely miss the hobgoblin.
The hobgoblin is moderately wounded.
The hobgoblin hits you.
* * * LOW HITPOINT WARNING * * *
You closely miss the hobgoblin.
The hobgoblin is moderately wounded.
The hobgoblin hits you.
* * * LOW HITPOINT WARNING * * *
The hobgoblin closely misses you.
Casting: Sticks to Snakes
Confirm with . or Enter, or press ? or * to list all spells.
You miscast Spider Form.
You are very lightly contaminated with residual magic.
Your body is twisted painfully.
* * * LOW HITPOINT WARNING * * *
The hobgoblin closely misses you.
Casting: Spider Form
Confirm with . or Enter, or press ? or * to list all spells.
You turn into a venomous arachnid creature.
Your +0 robe melds into your body.
You are feeling very hungry.
The hobgoblin closely misses you.
You barely miss the hobgoblin.
The hobgoblin is moderately wounded.
The hobgoblin completely misses you.
You hit the hobgoblin but do no damage.
The hobgoblin is poisoned.
The hobgoblin is moderately wounded.
Your transformation is almost over.
The hobgoblin misses you.
You hit the hobgoblin.
You kill the hobgoblin!
You see here a hobgoblin corpse.
You butcher the hobgoblin corpse.
q - 4 chunks of flesh You see here a hobgoblin skeleton.
Eat one of 4 chunks of flesh? (ye/n/q)
You eat one of the 4 chunks of flesh.
This raw flesh tastes terrible.
There are no objects that can be picked up here. a hobgoblin skeleton Your transformation has ended.
Your +0 robe unmelds from your body.
Found a ruby potion.
A hobgoblin comes into view. It is wielding a club.
You see here a ruby potion.
Casting: Spider Form
Confirm with . or Enter, or press ? or * to list all spells.
You turn into a venomous arachnid creature.
Your +0 robe melds into your body.
The hobgoblin hits you with a club.
* * * LOW HITPOINT WARNING * * *
The hobgoblin closely misses you.
You hit the hobgoblin.
You kill the hobgoblin!
Your transformation is almost over.
r - a ruby potion
Things that are here:
a club; a hobgoblin corpse
As you read the scroll labeled MITHUW KEYNAGH, it crumbles to dust.
You feel blessed for a moment.
It was a scroll of remove curse.
Adjust (i)tems, (s)pells, or (a)bilities?
Adjust which item? (? for menu, Esc to quit)
i - a scroll of remove curse Adjust to which letter? (? for menu, Esc to quit)
r - a scroll of remove curse;
i - a ruby potion Unknown command.
Found 10 gold pieces.
Your transformation has ended.
Your +0 robe unmelds from your body.
You now have 70 gold pieces (gained 10).
Your magical contamination has completely faded away.
You fall through a shaft for 2 floors!
The shaft crumbles and collapses. 3 orcs, an orc priest and an orc wizard come into view.
You found a teleport trap!
The orc shouts!
The orc priest shouts!
The orc shouts! x2
The orc wizard shouts!
Found 10 gold pieces.
Unknown command.
Really walk into that teleport trap?
You enter a teleport trap!
The teleport trap disappears.
Your surroundings suddenly seem different.
An iguana, a jackal, a worker ant, a shadow imp and Sigmund come into view.
Sigmund shouts!
Found five items.
Found a staircase to the Ecumenical Temple.
Okay, then.
The shadow imp shouts!
The jackal barks!
The iguana hisses angrily.
Sigmund gestures wildly while chanting.
Sigmund flickers and vanishes!
Deactivating autopickup; reactivate with Ctrl-A.
Found a stone staircase leading up.
The shadow imp gestures at you.
You barely resist.
A jackal comes into view.
The shadow imp gestures at you. Pain shoots through your body!
You die...

####.# ## # #.
.....# .## .
##.##.##.##....
..#....$....#..#
#........%5...#
#..⌠.a.⌠..#
#.#.......(.####
#......@.......#
#.#..?.$.(..##<#
#..⌠...⌠..#
#.......(..h...
#.#......l..#.h#
# ##.##.##.###.#
... ..##.. ...
########### ###


You could see an iguana, a worker ant, a shadow imp and 2 jackals.

Vanquished Creatures
  An adder (D:2)
  3 leopard geckos (D:2)
  4 goblins (D:2)
  6 hobgoblins
  3 kobolds
  2 frilled lizards (D:2)
  2 rats
21 creatures vanquished.

Vanquished Creatures (collateral kills)
  A quokka (D:3)
  2 kobolds (D:2)
3 creatures vanquished.

Grand Total: 24 creatures vanquished

Notes
Turn   | Place    | Note
-------+----------+-------------------------------------------
     0 | D:1      | tidbits the Demigod Transmuter began the quest for the Orb.
     0 | D:1      | Reached XP level 1. HP: 15/15 MP: 5/5
   136 | D:2      | Reached skill level 2 in Spellcasting
   136 | D:2      | Reached skill level 2 in Transmutations
   152 | D:2      | Reached skill level 3 in Unarmed Combat
   152 | D:2      | Reached XP level 2. HP: 21/22 MP: 5/7
   156 | D:2      | Learned a level 2 spell: Sticks to Snakes
   651 | D:2      | Found a basalt altar of Yredelemnul.
   755 | D:3      | Reached XP level 3. HP: 21/27 MP: 4/8
   760 | D:3      | Learned a level 3 spell: Spider Form
   875 | D:3      | You fall through a shaft for 2 floors!
   875 | D:5      | Entered Level 5 of the Dungeon
   876 | D:5      | Found a staircase to the Ecumenical Temple.
   876 | D:5      | Noticed Sigmund
   879 | D:5      | Killed from afar by a shadow imp

Skill      XL: |  1 |
---------------+----+-----
Spellcasting   | 2 |  2.0
Transmutations | 2 |  2.0
Unarmed Combat | 3 |  3.6
Fighting       | |  0.8
Dodging        | |  1.7

Action                   || total
-------------------------++-------
Melee: Unarmed           ||    59
       Kick              ||    11
       Headbutt          ||     1
 Cast: Beastly Appendage ||    19
       Sticks to Snakes  ||     8
       Spider Form       ||     2
  Use: Potion            ||     1
       Scroll            ||     1
 Stab: Sleeping          ||     1
  Eat: Chunk             ||     1
Armor: Robe              ||     9
Dodge: Dodged            ||    31

Table legend:
 A = Turns spent in this place as a percentage of turns spent in the entire game.
 B = Non-inter-level travel turns spent in this place as a percentage of non-inter-level travel turns spent in the entire game.
 C = Inter-level travel turns spent in this place as a percentage of turns spent in this place.
 D = Turns resting spent in this place as a percentage of non-inter-level travel turns spent in this place.
 E = Turns spent auto-exploring this place as a percentage of non-inter-level travel turns spent in this place.
 F = Non-inter-level travel turns spent in this place divided by the number of levels of this place that you've seen.
                   A       B       C       D       E      F
               +-------+-------+-------+-------+-------+----------------------
         Total | 100.0 | 100.0 |   0.2 |   0.0 |   0.0 | 202.2
       Dungeon | 100.0 | 100.0 |   0.2 |   0.0 |   0.0 | 202.2
               +-------+-------+-------+-------+-------+----------------------

Table legend:
 A = Kills in this place as a percentage of kills in entire the game.
 B = Kills by you in this place as a percentage of kills by you in the entire game.
 C = Kills by friends in this place as a percentage of kills by friends in the entire game.
 D = Other kills in this place as a percentage of other kills in the entire game.
 E = Experience gained in this place as a percentage of experience gained in the entire game.
 F = Experience gained in this place divided by the number of levels of this place that you have seen.
                   A       B       C       D       E      F
               +-------+-------+-------+-------+-------+----------------------
         Total | 100.0 | 100.0 | 100.0 |  -nan | 100.0 |  13.2
       Dungeon | 100.0 | 100.0 | 100.0 |  -nan | 100.0 |  13.2
               +-------+-------+-------+-------+-------+----------------------

Vault maps used:
D:1:      matt_arrival_refuge, minmay_close_crescents
D:2:      yredelemnul_forgotten_temple_becter
D:3:      lemuel_doored_altar, goddamned_bats
D:5:      minmay_temple_entry_large_hall, serial_shops,
          nicolae_shop_statue_plus, first_bread, uniq_prince_ribbit1,
          uniq_menkaure, uniq_sigmund
